[Event "Int SVK-ch Open 2020"]
[Site "Drienica"]
[Date "2020.08.15"]
[Round "8.13"]
[White "Garancovsky, Pavol"]
[Black "Verbovsky, Michal"]
[Result "1/2-1/2"]
[ECO "A85"]
[WhiteElo "2027"]
[BlackElo "2113"]
[Annotator "ChessBase"]
[PlyCount "59"]
[EventDate "2020.08.07"]
[EventType "swiss"]
[EventCountry "SVK"]
[TimeControl "40/5400+30:1800+30"]

1. d4 d5 2. c4 e6 3. Nc3 f5 4. Nf3 Nf6 5. Bg5 c6 6. e3 Bd6 7. Bd3 O-O 8. Qc2 Bd7 9. Ne5 Qc7 10. Bxf6 gxf6 11. Nf3 Bb4 12. O-O Bxc3 13. Qxc3 Qd6 14. Qb3 dxc4 15. Bxc4 b5 16. Be2 Na6 17. Rfd1 Nc7 18. g3 Nd5 19. Rac1 Rac8 20. Nh4 Rfd8 21. Ng2 e5 22. dxe5 fxe5 23. Qd3 Qb4 24. a3 Qa4 25. b4 e4 26. Qd4 Qxa3 27. Qe5 Qxb4 28. Rxd5 cxd5 29. Qxd5+ Kh8 30. Qe5+ 1/2-1/2

[Event "Int SVK-ch Open 2020"]
[Site "Drienica"]
[Date "2020.08.14"]
[Round "8.13"]
[White "Strapec, Lukas"]
[Black "Harvan, Tomas"]
[Result "1/2-1/2"]
[ECO "A57"]
[WhiteElo "1525"]
[BlackElo "1794"]
[Annotator "NA"]
[PlyCount "61"]
[EventDate "2020.08.07"]
[EventType "swiss"]
[EventCountry "SVK"]
[SourceTitle "playchess.com"]
[Source "ChessBase"]
[SourceQuality "1"]
[TimeControl "40/5400+30:1800+30"]

1. d4 Nf6 2. c4 c5 3. d5 b5 4. cxb5 a6 5. b6 d6 6. Nc3 Nbd7 7. e4 g6 8. Nf3 Bg7 9. Qc2 O-O 10. Bd3 Rb8 11. b3 Qxb6 12. Bb2 Qb4 13. O-O Ng4 14. Nd2 Nge5 15. Rab1 Nxd3 16. Qxd3 Ne5 17. Qc2 a5 18. a3 Qb7 19. h3 Qa7 20. Nc4 Ba6 21. Nd1 Bxc4 22. bxc4 Qa6 23. Ne3 Qa7 24. f4 Nd7 25. Bxg7 Kxg7 26. Rxb8 Rxb8 27. Rb1 Rb6 28. Nd1 Kg8 29. Rxb6 Qxb6 30. Qb2 Qxb2 31. Nxb2 1/2-1/2

[Event "Int SVK-ch Open 2020"]
[Site "Drienica"]
[Date "2020.08.15"]
[Round "8.14"]
[White "Ihnat, Marek"]
[Black "Panko Eduard ml."]
[Result "1/2-1/2"]
[ECO "B18"]
[WhiteElo "2065"]
[BlackElo "2007"]
[Annotator "ChessBase"]
[PlyCount "85"]
[EventDate "2020.08.07"]
[EventType "swiss"]
[EventCountry "SVK"]
[TimeControl "40/5400+30:1800+30"]

1. e4 c6 2. d4 d5 3. Nc3 dxe4 4. Nxe4 Bf5 5. Ng3 Bg6 6. N1e2 e6 7. Nf4 Bd6 8. c3 Nf6 9. h4 Qc7 10. Qf3 Nd5 11. Nxd5 cxd5 12. h5 Bc2 13. Bb5+ Nc6 14. Qe2 Bxg3 15. Qxc2 Bd6 16. Be3 h6 17. Qe2 a6 18. Ba4 Qe7 19. Kf1 Rc8 20. Rh3 O-O 21. Bc2 f5 22. Re1 Qf6 23. f4 Rfe8 24. Kg1 Bb8 25. Qf3 Na5 26. Rg3 Nc4 27. Bc1 Nd6 28. Rg6 Qf7 29. Re2 Ne4 30. g4 Re7 31. gxf5 exf5 32. Bb3 Rce8 33. Reg2 Kh8 34. Kh2 Nf6 35. Bd2 Ng4+ 36. Kh1 Re1+ 37. Bxe1 Rxe1+ 38. Rg1 Qe7 39. Rxe1 Qxe1+ 40. Kg2 Qd2+ 41. Kg1 Qe1+ 42. Kg2 Qd2+ 43. Kg1 1/2-1/2

[Event "Int SVK-ch Open 2020"]
[Site "Drienica"]
[Date "2020.08.14"]
[Round "8.14"]
[White "Sedlak, Mikulas"]
[Black "Stanko, Ivan"]
[Result "1/2-1/2"]
[ECO "B34"]
[WhiteElo "1573"]
[BlackElo "1848"]
[Annotator "NA"]
[PlyCount "79"]
[EventDate "2020.08.07"]
[EventType "swiss"]
[EventCountry "SVK"]
[SourceTitle "playchess.com"]
[Source "ChessBase"]
[SourceQuality "1"]
[TimeControl "40/5400+30:1800+30"]

1. e4 c5 2. Nf3 Nc6 3. d4 cxd4 4. Nxd4 g6 5. Nc3 Bg7 6. Nxc6 bxc6 7. Be3 d6 8. Bc4 Nf6 9. e5 {[%emt 0:00:30] B35: Sicilian: Accelerated Dragon with 5 Nc3: main line.} Ng4 10. exd6 {[%emt 0:01:45] [#]} exd6 $146 ({Predecessor:} 10... Nxe3 $17 11. d7+ (11. fxe3 exd6 12. Qf3 Qh4+ 13. Qg3 Qxc4 14. Qxd6 Bg4 15. Qd3 Qxd3 16. cxd3 Rb8 17. Nd1 Bxd1 18. Rxd1 Rxb2 {0-1 (18) Waibel,U (1367)-Stumm,F (1748) GER email 2015}) 11... Bxd7 12. fxe3 O-O) 11. Bd4 Qe7+ 12. Be2 Bxd4 13. Qxd4 O-O 14. O-O-O Qg5+ (14... d5 $1 $14) 15. f4 Qa5 16. h3 c5 17. Qg1 $2 ({Don't take} 17. Qxd6 $6 Nf2 $16) ({White should play} 17. Qe4 $18 Bb7 18. Qxb7) 17... Nh6 18. Rxd6 Nf5 19. Rd5 Ng3 20. Rxc5 Nxe2+ {[%emt 0:00:34] Remove Defender} 21. Kb1 Nxc3+ 22. Rxc3 Be6 23. Ra3 Qc7 24. Qf2 a5 25. g4 Qb7 26. Re1 Rfb8 27. Qd4 Rd8 28. Qf6 {[%emt 0:01:38] [#]} Qb4 $1 29. Rae3 Qd2 30. b3 a4 31. Rxe6 axb3 32. axb3 Qa5 $18 (32... fxe6 $11 {and Black has nothing to worry.} 33. Qxe6+ Kg7 34. Qe7+ Kh8 35. Qe5+ Kg8 36. Qe6+ Kh8 37. Qe5+ Kg8 38. Qe6+) 33. Re7 Qa2+ 34. Kc1 Qa3+ 35. Qb2 Qb4 36. Qf6 Qa3+ 37. Qb2 Qd6 38. Qe5 Qa3+ 39. Qb2 Qd6 40. Qe5 1/2-1/2

[Event "Int SVK-ch Open 2020"]
[Site "Drienica"]
[Date "2020.08.15"]
[Round "8.15"]
[White "Kucera, Michal"]
[Black "Buran, Jaroslav"]
[Result "0-1"]
[ECO "B04"]
[WhiteElo "1991"]
[BlackElo "2098"]
[Annotator "ChessBase"]
[PlyCount "74"]
[EventDate "2020.08.07"]
[EventType "swiss"]
[EventCountry "SVK"]
[TimeControl "40/5400+30:1800+30"]

1. e4 Nf6 2. e5 Nd5 3. d4 d6 4. Nf3 g6 5. Bc4 c6 6. O-O Bg7 7. Bb3 O-O 8. Re1 dxe5 9. Nxe5 Nd7 10. Nf3 N7f6 11. c4 Nb6 12. h3 Bf5 13. Be3 Qc7 14. Nc3 h6 15. Qe2 g5 16. Ne5 Nbd7 17. g4 Bh7 18. Nxd7 Nxd7 19. c5 e6 20. Qd2 Rad8 21. h4 Nxc5 22. Bc2 Bxc2 23. Qxc2 Bxd4 24. hxg5 hxg5 25. Kg2 f6 26. b4 Bxc3 27. Qxc3 Nd3 28. Rh1 Qe5 29. Qxe5 Nxe5 30. Kg3 a6 31. Rh5 Kg7 32. a4 Rh8 33. Rxh8 Kxh8 34. Re1 Rd3 35. Kg2 Nxg4 36. Bc5 Ne5 37. Ba7 Kg7 0-1

[Event "Int SVK-ch Open 2020"]
[Site "Drienica"]
[Date "2020.08.14"]
[Round "8.15"]
[White "Holicky, Miroslav"]
[Black "Kapolkova, Greta"]
[Result "1-0"]
[ECO "E01"]
[WhiteElo "1805"]
[BlackElo "1510"]
[Annotator "NA"]
[PlyCount "66"]
[EventDate "2020.08.07"]
[EventType "swiss"]
[EventCountry "SVK"]
[SourceTitle "playchess.com"]
[Source "ChessBase"]
[SourceQuality "1"]
[TimeControl "40/5400+30:1800+30"]

1. d4 d5 2. c4 e6 3. g3 Nf6 4. Bg2 c5 5. Nf3 Nc6 6. cxd5 Nxd5 7. Nc3 Nxc3 8. bxc3 cxd4 {[%emt 0:00:15] D41: Queen's Gambit Declined: Semi-Tarrasch with 5 cxd5.} 9. Nxd4 Nxd4 10. Qxd4 {[%emt 0:05:22] [#]} Qa5 $146 ({Predecessor:} 10... Qxd4 11. cxd4 Bd6 12. a4 Rb8 13. a5 Bd7 14. Be3 a6 15. d5 Bb4+ 16. Bd2 Bxd2+ 17. Kxd2 exd5 18. Bxd5 Bc6 19. Bxc6+ bxc6 {½-½ (31) Ding,L (2811)-Nepomniachtchi,I (2776) chess.com INT 2019}) 11. O-O f6 12. Qc4 Rb8 13. Bf4 e5 14. Be3 Bd7 15. Rfd1 Rc8 (15... Qb5 $142 16. Qxb5 Bxb5) 16. Qd3 Be6 17. Qe4 b6 18. Qb7 Be7 19. Bd5 Kf7 20. Bxe6+ Kxe6 21. Rd7 Rhe8 22. Rad1 Qxa2 23. Rxe7+ Rxe7 24. Qxc8+ Kf7 25. Rd8 Qxe2 26. Rf8+ Kg6 27. Qd8 Re6 (27... Rf7 $142 28. Rxf7 Kxf7 29. Qd7+ Kf8 30. Qxa7 Qe1+ 31. Kg2 Qxc3 32. Qa8+ Kf7 33. Qd5+ Kg6 34. Qe4+ Kf7 35. Qxh7 Qc6+ 36. f3 Kf8) 28. Qd7 Qc4 29. Qf7+ Kf5 30. Qh5+ Ke4 31. Qxh7+ Kd5 32. Rd8+ Kc6 33. Rc8+ Kd5 1-0

[Event "Int SVK-ch Open 2020"]
[Site "Drienica"]
[Date "2020.08.15"]
[Round "8.16"]
[White "Tomcik, Milan"]
[Black "Stevik, Patrik"]
[Result "1/2-1/2"]
[ECO "E90"]
[WhiteElo "1963"]
[BlackElo "2047"]
[Annotator "ChessBase"]
[PlyCount "89"]
[EventDate "2020.08.07"]
[EventType "swiss"]
[EventCountry "SVK"]
[TimeControl "40/5400+30:1800+30"]

1. d4 Nf6 2. c4 g6 3. Nc3 Bg7 4. e4 d6 5. Nf3 O-O 6. h3 e5 7. d5 Nh5 8. g3 f5 9. Bd3 Nf6 10. Bg5 Na6 11. Nd2 Nc5 12. Bc2 a5 13. Qe2 Bd7 14. h4 h6 15. Bxf6 Rxf6 16. O-O-O f4 17. Rdg1 fxg3 18. fxg3 h5 19. Nd1 Qe7 20. Rf1 Raf8 21. Rxf6 Rxf6 22. Rf1 Bh6 23. Rxf6 Qxf6 24. Qf2 Kg7 25. Qxf6+ Kxf6 26. Nf2 Be3 27. Nd1 Bh6 28. Nf2 b5 29. b3 bxc4 30. bxc4 Bc8 31. Kd1 Ba6 32. Nd3 Bxd2 33. Nxc5 dxc5 34. Kxd2 Bxc4 35. a3 Bb5 36. Kc3 Ke7 37. Bd1 Kd6 38. g4 hxg4 39. Bxg4 c6 40. dxc6 Bxc6 41. Bf3 Be8 42. Bd1 Bf7 43. Bb3 Bxb3 44. Kxb3 Kc6 45. a4 1/2-1/2

[Event "Int SVK-ch Open 2020"]
[Site "Drienica"]
[Date "2020.08.15"]
[Round "8.17"]
[White "Ondo, Tomas"]
[Black "Sevcikova, Lucia"]
[Result "1/2-1/2"]
[ECO "D00"]
[WhiteElo "2065"]
[BlackElo "2017"]
[Annotator "ChessBase"]
[PlyCount "45"]
[EventDate "2020.08.07"]
[EventType "swiss"]
[EventCountry "SVK"]
[TimeControl "40/5400+30:1800+30"]

1. d4 d5 2. Bf4 e6 3. e3 f5 4. g4 Nf6 5. gxf5 exf5 6. Nf3 Nc6 7. Rg1 g6 8. Nbd2 Ne4 9. Ne5 Nxe5 10. Bxe5 Rg8 11. Qf3 Bd6 12. Qh3 Qe7 13. Nxe4 fxe4 14. Bxd6 Bxh3 15. Bxe7 Bxf1 16. Kxf1 Kxe7 17. Rg5 Kd6 18. c4 c6 19. Rc1 Rac8 20. b4 b6 21. Kg2 Rgf8 22. Rg3 Rf5 23. f4 1/2-1/2

[Event "Int SVK-ch Open 2020"]
[Site "Drienica"]
[Date "2020.08.14"]
[Round "8.17"]
[White "Malinovsky, Jozef"]
[Black "Kubikova, Nina"]
[Result "0-1"]
[ECO "A20"]
[WhiteElo "1698"]
[BlackElo "1256"]
[Annotator "NA"]
[PlyCount "46"]
[EventDate "2020.08.07"]
[EventType "swiss"]
[EventCountry "SVK"]
[SourceTitle "playchess.com"]
[Source "ChessBase"]
[SourceQuality "1"]
[TimeControl "40/5400+30:1800+30"]

1. c4 e5 2. d3 Nc6 3. Nc3 Nf6 4. g3 Bb4 5. Bg2 O-O 6. Bd2 Re8 7. e4 d6 8. Nge2 Be6 9. a3 Bc5 10. Nd5 Nd4 11. Nxd4 Bxd4 12. Rb1 c6 13. Nxf6+ Qxf6 14. Qf3 Qxf3 15. Bxf3 Rad8 16. b4 d5 17. Be2 dxe4 18. dxe4 Bxf2+ 19. Kxf2 Rxd2 20. Rhd1 Red8 21. Rxd2 Rxd2 22. Ke3 Ra2 23. Rb3 Rxe2+ 0-1

[Event "Int SVK-ch Open 2020"]
[Site "Drienica"]
[Date "2020.08.15"]
[Round "8.18"]
[White "Konyves, Almos"]
[Black "Hudak, Vasil"]
[Result "1-0"]
[ECO "E91"]
[WhiteElo "2090"]
[BlackElo "1997"]
[Annotator "ChessBase"]
[PlyCount "99"]
[EventDate "2020.08.07"]
[EventType "swiss"]
[EventCountry "SVK"]
[TimeControl "40/5400+30:1800+30"]

1. d4 Nf6 2. c4 c5 3. d5 g6 4. Nc3 Bg7 5. e4 d6 6. Be2 O-O 7. h3 e6 8. Nf3 exd5 9. exd5 a6 10. O-O Re8 11. Bd3 b5 12. cxb5 Bb7 13. a4 Nxd5 14. Nxd5 Bxd5 15. Bxg6 Bc4 16. Bxh7+ Kf8 17. Bd3 axb5 18. Bxc4 bxc4 19. Qd5 Na6 20. Ng5 Qd7 21. Bf4 Rad8 22. Qxc4 Qf5 23. Ra3 d5 24. Qxa6 Qxf4 25. Rg3 Rd6 26. Qa7 Rc6 27. Nh7+ Kg8 28. Ng5 Kf8 29. Rf3 Rc7 30. Nh7+ Kg8 31. Qb6 Qe5 32. Re3 Kxh7 33. Rxe5 Bxe5 34. f4 Bd4+ 35. Kh1 Rec8 36. Qb5 Ra8 37. Qd3+ Kg8 38. Qg3+ Kf8 39. f5 Rc6 40. Qh4 Bf6 41. Qh6+ Ke7 42. Re1+ Kd7 43. Qh5 Rf8 44. g4 Kc8 45. g5 Bxb2 46. f6 Rc7 47. Qe2 Ba3 48. Qa6+ Kb8 49. Qb6+ Kc8 50. Re7 1-0

[Event "Int SVK-ch Open 2020"]
[Site "Drienica"]
[Date "2020.08.14"]
[Round "8.18"]
[White "Kucik, Patrik"]
[Black "Furman, Maximilian Jan"]
[Result "1/2-1/2"]
[ECO "C44"]
[WhiteElo "1572"]
[BlackElo "1598"]
[Annotator "NA"]
[PlyCount "87"]
[EventDate "2020.08.07"]
[EventType "swiss"]
[EventCountry "SVK"]
[SourceTitle "playchess.com"]
[Source "ChessBase"]
[SourceQuality "1"]
[TimeControl "40/5400+30:1800+30"]

1. e4 e5 2. Nf3 Nc6 3. d4 exd4 4. Bc4 Bb4+ 5. c3 dxc3 6. bxc3 Bc5 7. Bxf7+ Kxf7 8. Qd5+ Kf8 9. Qxc5+ d6 10. Qe3 Qf6 11. O-O Bg4 12. Nd4 Nxd4 13. cxd4 Ne7 14. Bb2 h5 15. h3 Bd7 16. e5 dxe5 17. dxe5 Qf5 18. Qd4 Be6 19. Ba3 Kf7 20. Bxe7 Kxe7 21. Qc5+ Kd7 22. Rd1+ Kc8 23. Nc3 Qf8 24. Qe3 Rh6 25. Rd4 Qf5 26. Rad1 Rh8 27. Qd2 Qf8 28. Qg5 b6 29. Rd8+ Qxd8 30. Rxd8+ Rxd8 31. Qxg7 Kb7 32. Qf6 Bd5 33. Nxd5 Rxd5 34. e6 Re8 35. Qf7 Rdd8 36. e7 Rc8 37. f4 c5 38. Qd5+ Kb8 39. Qd6+ Kb7 40. Qd7+ Kb8 41. Qd6+ Kb7 42. f5 c4 43. f6 c3 44. Qd7+ 1/2-1/2

[Event "Int SVK-ch Open 2020"]
[Site "Drienica"]
[Date "2020.08.14"]
[Round "8.19"]
[White "Zahradnik, Vladimir"]
[Black "Kulich, Daniel"]
[Result "0-1"]
[ECO "B10"]
[WhiteElo "1874"]
[BlackElo "1492"]
[Annotator "NA"]
[PlyCount "82"]
[EventDate "2020.08.07"]
[EventType "swiss"]
[EventCountry "SVK"]
[SourceTitle "playchess.com"]
[Source "ChessBase"]
[SourceQuality "1"]
[TimeControl "40/5400+30:1800+30"]

1. e4 c6 2. Nc3 d5 3. Nf3 dxe4 4. Nxe4 Nf6 5. Nxf6+ exf6 6. Bc4 Bd6 7. O-O O-O 8. d4 Re8 {[%emt 0:01:05] is recently more successful than 8...Bg4. B15: Caro-Kann: 3 Nc3: 3...g6 and 3...dxe4 4 Nxe4 Nf6 5 Nxf6+ exf6.} 9. h3 Nd7 {[%emt 0:01:51] [#]} 10. Be3 $146 ({Predecessor:} 10. Bb3 Nf8 11. c4 Ng6 12. c5 Bf8 13. Re1 Bf5 14. Be3 Be4 15. Nd2 Bd5 16. Bc2 {0-1 (57) Recuero Guerra,D (2455)-Narciso Dublan,M (2551) Gijon 2011}) 10... Nb6 11. Bd3 Nd5 12. Bd2 Nf4 13. Bxf4 Bxf4 14. c4 Be6 15. Qc2 g6 16. Rfe1 Qd7 17. Bf1 Bf5 18. Qc3 Kg7 19. Rxe8 Rxe8 20. Rd1 Be4 21. g3 Bc7 22. d5 cxd5 23. cxd5 {[%emt 0:00:08] [#]} Rd8 ({Worse is} 23... Bxd5 24. Bc4 $16) ({Black should play} 23... Bb6 $1 $19 24. Ng5 Bf5) 24. Qe3 (24. Rd4 $15 Bf5 25. g4) 24... Bxd5 25. Bc4 Qc6 26. Bxd5 Rxd5 27. Rxd5 Qxd5 28. b3 Bb6 29. Qe2 Qe6 30. Qf1 Qf5 31. Ne1 Qe5 32. Kg2 Qb2 33. Nd3 Qxa2 34. Qd1 Qa5 35. Qc2 Qd5+ 36. f3 Qd4 37. Qd1 $11 Bc5 (37... h5 38. h4) 38. Qf1 Bb6 39. h4 $2 Qc3 40. Qd1 Be3 41. g4 $19 a5 0-1

[Event "Int SVK-ch Open 2020"]
[Site "Drienica"]
[Date "2020.08.14"]
[Round "8.21"]
[White "Gulas, Gabriel"]
[Black "Cisarik, Pavol"]
[Result "1/2-1/2"]
[ECO "C45"]
[WhiteElo "1472"]
[BlackElo "1635"]
[Annotator "NA"]
[PlyCount "85"]
[EventDate "2020.08.07"]
[EventType "swiss"]
[EventCountry "SVK"]
[SourceTitle "playchess.com"]
[Source "ChessBase"]
[SourceQuality "1"]
[TimeControl "40/5400+30:1800+30"]

1. e4 e5 2. Nf3 Nc6 3. d4 exd4 4. Nxd4 Nf6 5. Nxc6 bxc6 6. e5 Qe7 7. Qe2 Nd5 8. c4 Ba6 9. Bd2 g6 10. Nc3 Bg7 11. f4 O-O 12. Qe4 Nb6 13. Be2 Rae8 14. c5 Bxe2 15. cxb6 Ba6 16. Qa4 Bxe5 17. O-O-O Bxc3 18. Bxc3 Qe3+ 19. Kb1 Qxb6 20. Rxd7 Re2 21. g3 Rb8 22. Qd4 Qxd4 23. Bxd4 Bd3+ 24. Ka1 Be4 25. Rd1 Bd5 26. Rxc7 Rxh2 27. Rxa7 Bf3 28. Rg1 Rg2 29. Rxg2 Bxg2 30. a4 Bd5 31. b4 Re8 32. Kb2 f5 33. Rg7+ Kf8 34. Rxh7 Re2+ 35. Kc3 Rg2 36. Bc5+ Kg8 37. Re7 Rxg3+ 38. Kd4 g5 39. fxg5 Rxg5 40. Ke5 Be4 41. Be3 Rg3 42. Bf4 Rb3 43. Re8+ 1/2-1/2

[Event "Int SVK-ch Open 2020"]
[Site "Drienica"]
[Date "2020.08.15"]
[Round "8.22"]
[White "Bujna, Martin"]
[Black "Brnusak, Tomas"]
[Result "0-1"]
[ECO "A03"]
[WhiteElo "1841"]
[BlackElo "2044"]
[Annotator "ChessBase"]
[PlyCount "70"]
[EventDate "2020.08.07"]
[EventType "swiss"]
[EventCountry "SVK"]
[TimeControl "40/5400+30:1800+30"]

1. f4 Nf6 2. Nf3 d5 3. e3 Bf5 4. b3 e6 5. Bb2 Bd6 6. Nc3 c6 7. Ne2 h6 8. Ng3 Bh7 9. Ne5 Nbd7 10. Bd3 Bxd3 11. cxd3 Nc5 12. Qc2 O-O 13. O-O a5 14. Ba3 Na6 15. Bxd6 Qxd6 16. a3 c5 17. Qb2 Rfc8 18. f5 b5 19. fxe6 fxe6 20. Ng6 Kh7 21. Nf4 c4 22. Nfh5 Nxh5 23. Nxh5 Ra7 24. dxc4 dxc4 25. Qc2+ Qd3 26. Rac1 Rd7 27. Nf4 Qxc2 28. Rxc2 e5 29. Ne2 Nc5 30. bxc4 Nb3 31. Rf5 Rxc4 32. Rxc4 bxc4 33. Rxe5 Rxd2 34. Nd4 Nxd4 35. exd4 c3 0-1

[Event "Int SVK-ch Open 2020"]
[Site "Drienica"]
[Date "2020.08.14"]
[Round "8.22"]
[White "Horbalova, Ivana"]
[Black "Ihnat, Marek"]
[Result "0-1"]
[ECO "C06"]
[WhiteElo "1306"]
[BlackElo "2065"]
[Annotator "ChessBase"]
[PlyCount "88"]
[EventDate "2020.08.07"]
[EventType "swiss"]
[EventCountry "SVK"]
[SourceTitle "playchess.com"]
[Source "ChessBase"]
[SourceQuality "1"]
[TimeControl "40/5400+30:1800+30"]

1. e4 e6 2. d4 d5 3. Nd2 Nf6 4. e5 Nfd7 5. Bd3 c5 6. c3 Nc6 7. Ne2 cxd4 8. cxd4 f6 9. exf6 Nxf6 10. Nf3 Bd6 11. Bf4 O-O 12. Ne5 Nxe5 13. dxe5 Bb4+ 14. Kf1 Nd7 15. Rc1 Qb6 16. Bb1 Nxe5 17. Qc2 g6 18. Qc7 Qxc7 19. Rxc7 Nc6 20. Bh6 Rf7 21. Rxf7 Kxf7 22. h4 b6 23. h5 Ne7 24. hxg6+ hxg6 25. Bg5 Kg7 26. g4 Ba6 27. Rh4 Rc8 28. Bh6+ Kf6 29. g5+ Kf7 30. Rxb4 Rc1+ 31. Kg2 Rxb1 32. Rf4+ Nf5 33. Ng3 Rxb2 34. Nxf5 gxf5 35. Ra4 Bc4 36. Rxa7+ Kg6 37. Re7 Re2 38. Kg3 Kh5 39. Rf7 Rxa2 40. Rf8 b5 41. Kf4 Re2 42. Rh8 Re4+ 43. Kf3 d4 44. Rg8 d3 0-1

[Event "Int SVK-ch Open 2020"]
[Site "Drienica"]
[Date "2020.08.14"]
[Round "8.23"]
[White "Marsina, Stefan"]
[Black "Andras, Anton"]
[Result "1-0"]
[ECO "D00"]
[WhiteElo "1854"]
[BlackElo "1582"]
[Annotator "NA"]
[PlyCount "53"]
[EventDate "2020.08.07"]
[EventType "swiss"]
[EventCountry "SVK"]
[SourceTitle "playchess.com"]
[Source "ChessBase"]
[SourceQuality "1"]
[TimeControl "40/5400+30:1800+30"]

1. d4 d5 2. Bf4 e6 3. Nf3 Nf6 4. e3 Bd6 5. Bg3 O-O 6. Bd3 c5 7. dxc5 {D02: 1 d4 d5 2 Nf3 sidelines, including 2...Nf6 3 g3 and 2...Nf6 3 Bf4.} Bxc5 8. O-O Nc6 9. Nbd2 Bd6 {[#]} 10. Bh4 $146 ({Predecessor:} 10. c4 Bxg3 11. hxg3 d4 12. exd4 Nxd4 13. Ne4 Nxf3+ 14. Qxf3 Nxe4 15. Bxe4 Qc7 16. Qb3 {1-0 (38) Mahalakshmi,M (2238)-Ghosh,S (2034) New Delhi 2018}) 10... Ne5 11. Nxe5 Bxe5 12. c3 Bd6 13. Qe2 Be7 14. Rad1 Qc7 15. Rfe1 b6 16. Bg3 Bd6 (16... Qc6 $1 $11 {remains equal.}) 17. Bxd6 Qxd6 18. e4 Qe5 19. Nf3 Qh5 20. e5 Nd7 21. Bb1 Bb7 {[#]} 22. Rd4 $1 f5 $18 23. exf6 Nxf6 24. Rh4 Qe8 25. Ng5 h6 26. Nxe6 Rf7 27. Bg6 1-0

[Event "Int SVK-ch Open 2020"]
[Site "Drienica"]
[Date "2020.08.15"]
[Round "8.23"]
[White "Sosovickova, Jana"]
[Black "Skovran, Jaroslav"]
[Result "1-0"]
[ECO "C41"]
[WhiteElo "1829"]
[BlackElo "1975"]
[Annotator "ChessBase"]
[PlyCount "39"]
[EventDate "2020.08.07"]
[EventType "swiss"]
[EventCountry "SVK"]
[TimeControl "40/5400+30:1800+30"]

1. e4 d6 2. d4 Nf6 3. Nc3 Nbd7 4. Nf3 e5 5. dxe5 dxe5 6. Bc4 c6 7. Ng5 Bc5 8. Bxf7+ Ke7 9. O-O b5 10. Bb3 Qb6 11. Ne6 a5 12. a3 h5 13. Bg5 Ba6 14. Nxg7 Raf8 15. Qd2 Bd4 16. Rad1 Qa7 17. Ne2 b4 18. axb4 axb4 19. Qxb4+ Bc5 20. Qd2 1-0

[Event "Int SVK-ch Open 2020"]
[Site "Drienica"]
[Date "2020.08.15"]
[Round "8.24"]
[White "Steiniger, Florian"]
[Black "Tomcikova, Zuzana"]
[Result "1/2-1/2"]
[ECO "B18"]
[WhiteElo "1889"]
[BlackElo "1776"]
[Annotator "NA"]
[PlyCount "50"]
[EventDate "2020.08.07"]
[EventType "swiss"]
[EventCountry "SVK"]
[TimeControl "40/5400+30:1800+30"]

1. e4 c6 2. d4 d5 3. Nc3 dxe4 4. Nxe4 Bf5 5. Ng3 Bg6 6. h4 h6 7. Nh3 Nf6 8. Bc4 Nd5 9. Nf4 Nxf4 10. Bxf4 e6 11. c3 Bd6 12. Bxd6 Qxd6 13. Qe2 Nd7 14. Ne4 Bxe4 15. Qxe4 Nf6 16. Qf3 O-O-O 17. O-O-O Qc7 18. Rhe1 Rhe8 19. Re5 Nd5 20. Rde1 Re7 21. Bxd5 Rxd5 22. Qg4 g6 23. Rxd5 cxd5 24. Qf3 h5 25. Qf6 Rd7 1/2-1/2

[Event "Int SVK-ch Open 2020"]
[Site "Drienica"]
[Date "2020.08.14"]
[Round "8.24"]
[White "Sosovickova, Martina"]
[Black "Dragula, Miroslav"]
[Result "0-1"]
[ECO "C13"]
[WhiteElo "1362"]
[BlackElo "1566"]
[Annotator "NA"]
[PlyCount "76"]
[EventDate "2020.08.07"]
[EventType "swiss"]
[EventCountry "SVK"]
[SourceTitle "playchess.com"]
[Source "ChessBase"]
[SourceQuality "1"]
[TimeControl "40/5400+30:1800+30"]

1. e4 e6 2. d4 d5 3. Nc3 Nf6 4. Bg5 Be7 5. exd5 Nxd5 6. Bxe7 Nxe7 7. Nf3 O-O 8. Bc4 c6 9. O-O Nd7 10. Re1 Nf6 11. Qd2 Qc7 12. Rad1 Ned5 13. Ne4 Qd8 14. c3 Nxe4 15. Rxe4 Nf6 16. Re2 h6 17. Rde1 b6 18. h3 Bb7 19. Bd3 Qc7 20. Qe3 Rad8 21. Rd2 Nd5 22. Qe4 Nf6 23. Qe3 c5 24. dxc5 bxc5 25. Red1 Bxf3 26. Qxf3 Rd5 27. Bc4 Rf5 28. Qe3 Rf4 29. Bf1 Nd5 30. Qg3 Qe5 31. c4 Nf6 32. Re2 Qf5 33. Rde1 Ne4 34. Rxe4 Rxe4 35. Rxe4 Qxe4 36. Kh2 f6 37. Bd3 Qe5 38. f4 Qd6 0-1

[Event "Int SVK-ch Open 2020"]
[Site "Drienica"]
[Date "2020.08.15"]
[Round "8.25"]
[White "Dujava, Daniel"]
[Black "Bochnickova, Simona"]
[Result "1-0"]
[ECO "C67"]
[WhiteElo "2111"]
[BlackElo "1797"]
[Annotator "ChessBase"]
[PlyCount "81"]
[EventDate "2020.08.07"]
[EventType "swiss"]
[EventCountry "SVK"]
[TimeControl "40/5400+30:1800+30"]

1. e4 e5 2. Nf3 Nc6 3. Bb5 Nf6 4. O-O Nxe4 5. Re1 Nd6 6. Nxe5 Be7 7. Bd3 O-O 8. Nc3 b6 9. b3 Bb7 10. Qh5 h6 11. Ba3 Nxe5 12. Rxe5 Bf6 13. Re2 c5 14. Rae1 Bg5 15. g3 Qc7 16. Ne4 Nxe4 17. Bxe4 Bxe4 18. Rxe4 d5 19. R4e2 Qc6 20. d4 Rfd8 21. dxc5 bxc5 22. Bb2 Re8 23. h4 Rxe2 24. Rxe2 Bd8 25. Qf3 Rc8 26. c4 Qg6 27. Re8+ Kh7 28. Qxd5 Bxh4 29. Rxc8 Bxg3 30. fxg3 Qxg3+ 31. Qg2 Qe1+ 32. Qf1 Qg3+ 33. Kh1 Qh4+ 34. Kg2 Qg4+ 35. Kf2 Qf5+ 36. Ke2 Qxc8 37. Qb1+ Kg8 38. Qe4 Qh3 39. Be5 Qh5+ 40. Kd2 Qg5+ 41. Kc2 1-0

[Event "Int SVK-ch Open 2020"]
[Site "Drienica"]
[Date "2020.08.15"]
[Round "9.1"]
[White "Manik, Mikulas"]
[Black "Hros, Roman"]
[Result "1/2-1/2"]
[ECO "B47"]
[WhiteElo "2366"]
[BlackElo "2199"]
[Annotator "ChessBase"]
[PlyCount "21"]
[EventDate "2020.08.07"]
[EventType "swiss"]
[EventCountry "SVK"]
[SourceTitle "playchess.com"]
[Source "ChessBase"]
[SourceQuality "1"]
[TimeControl "40/5400+30:1800+30"]

1. e4 c5 2. Nf3 e6 3. d4 cxd4 4. Nxd4 Nc6 5. Nc3 Qc7 6. f4 a6 7. Nxc6 bxc6 8. Bd3 d5 9. Qe2 Be7 10. O-O Nf6 11. e5 1/2-1/2